Ducks vs Jets

Created - Sunday, December 14, 2014 at 00:58

Goals
1 2 3 T
Ducks 3 1 0 4
Jets 1 1 0 2
Shots
1 2 3 T
Ducks 13 18 13 44
Jets 5 3 5 13

1st period

1. Jets , Max Pacioretty 15 (Frans Nielsen) at 1:02 (PP)
2. Ducks , TJ Galiardi 2 (Unassisted) at 2:18
3. Ducks , Tyler Bozak 15 (Patrick Kane, Anton Stralman) at 3:58 (PP)
4. Ducks , Tyler Bozak 16 (Dennis Wideman, Patrick Kane) at 19:05

Penalties :
Mike Richards (Ana) for Cross-checking (Minor) at 0:44, Alex Killorn (Wpg) for High sticking (Minor) at 2:39, Erik Johnson (Wpg) for Roughing (Minor) at 7:25

2nd period

5. Ducks , Patrick Kane 17 (Dennis Wideman, Tyler Bozak) at 4:45 (PP)
6. Jets , Tyler Myers 7 (Alex Ovechkin, Ryan Getzlaf) at 14:23 (PP)

Penalties :
John Tavares (Wpg) for Roughing (Minor) at 4:29, Ryan Getzlaf (Wpg) for Hooking (Minor) at 7:26, Jonathan Huberdeau (Ana) for Roughing (Minor) at 14:01, John Tavares (Wpg) for Holding (Minor) at 15:14, Martin St. Louis (Ana) for High sticking (Minor) at 19:36

3rd period

No Goal

Penalties :
Erik Johnson (Wpg) for Hooking (Minor) at 12:31, Alex Killorn (Wpg) for Holding (Minor) at 15:27

Goalie Stats

Martin Brodeur (Ana), 11 saves from 13 shots - (0.846), W, 8-8-1, 60:00 minutes
Sergei Bobrovsky (Wpg), 40 saves from 44 shots - (0.909), L, 20-8-1, 60:00 minutes

Players Stats for Ducks

Player Name              G  A  P  +/- PIM S  H  SB GA TA FO     MP     PP MP  PK MP  
------------------------------------------------------------------------------------
Alex Grant               0  0  0   1  0   1  0  0  0  3  0/0    15:09   0:00   0:00 
Anton Stralman           0  1  1   0  0   4  2  0  0  0  0/0    19:16   4:39   0:41 
Brett Bellemore          0  0  0   1  0   0  1  0  0  5  0/0    15:09   0:00   0:00 
Dennis Wideman           0  2  2   1  0   2  0  1  0  2  0/0    25:35   6:51   1:58 
James Neal               0  0  0   0  0   7  2  1  2  0  0/1    19:13   6:04   0:00 
James Sheppard           0  0  0   1  0   0  2  0  0  0  1/3    14:24   0:00   1:34 
Joey Crabb               0  0  0   0  0   0  2  0  0  0  0/1     8:24   0:00   0:00 
Jonathan Huberdeau       0  0  0   0  2   1  2  0  3  0  3/7    12:19   0:00   0:00 
Marc Staal               0  0  0   0  0   5  4  0  0  2  0/0    19:16   4:39   0:41 
Martin St. Louis         0  0  0   0  2   2  0  0  2  0  2/2    20:21   6:04   0:40 
Matt Frattin             0  0  0   0  0   1  2  0  0  0  0/0     8:24   0:00   0:00 
Matthew Carle            0  0  0   1  0   3  0  1  0  1  0/0    25:35   6:51   1:58 
Mike Richards            0  0  0   0  2   3  2  0  0  0  11/18  21:26   6:04   2:14 
Patrick Kane             1  2  3   1  0   6  1  0  4  0  0/0    16:54   5:26   0:00 
Sean Bergenheim          0  0  0   1  0   2  5  1  0  0  0/0    17:30   5:26   0:07 
TJ Galiardi              1  0  1   1  0   1  0  0  1  0  0/0    13:04   0:00   0:43 
Tom Pyatt                0  0  0   0  0   2  0  0  0  0  4/7     8:24   0:00   0:00 
Tyler Bozak              2  1  3   1  0   4  0  0  3  1  7/17   16:54   5:26   0:00 

Players Stats for Jets

Player Name              G  A  P  +/- PIM S  H  SB GA TA FO     MP     PP MP  PK MP  
------------------------------------------------------------------------------------
Alex Killorn             0  0  0   0  4   1  0  0  2  0  0/1     9:58   0:00   0:00 
Alex Ovechkin            0  1  1   0  0   4  1  0  4  0  1/2    23:30   1:38   7:44 
Colin Wilson             0  0  0   0  0   0  0  0  0  0  0/0     0:00   0:00   0:00 
Danny DeKeyser           0  0  0  -1  0   0  0  2  0  0  0/0    14:43   0:00   0:00 
Erik Johnson             0  0  0   0  4   0  0  0  1  2  0/0    24:20   1:31   3:44 
Frans Nielsen            0  1  1  -1  0   1  0  3  2  0  5/14   20:57   1:01   3:08 
John Tavares             0  0  0  -1  4   1  1  0  1  1  9/13   14:29   0:00   0:00 
Kris Russell             0  0  0  -1  0   0  0  1  0  1  0/0    19:17   1:08   5:42 
Kyle Turris              0  0  0   0  0   1  2  0  1  1  3/8    10:06   0:00   0:00 
Marcus Kruger            0  0  0  -1  0   2  2  0  0  0  1/2    16:15   0:00   2:14 
Max Pacioretty           1  0  1  -1  0   1  2  0  2  0  0/0    20:57   1:01   3:08 
Nick Bjugstad            0  0  0   0  0   0  0  0  0  0  0/0     2:21   0:00   1:08 
Oliver Ekman-Larsson     0  0  0   0  0   0  0  6  2  1  0/0    26:00   1:31   5:48 
Oscar Klefbom            0  0  0  -1  0   1  0  1  0  0  0/0    16:48   0:00   2:04 
Ryan Getzlaf             0  1  1  -1  2   0  0  2  4  0  8/15   24:36   1:38   5:38 
Teemu Selanne            0  0  0   0  0   0  0  0  1  0  0/0     7:26   1:38   0:00 
Tyler Myers              1  0  1  -1  0   1  1  6  1  0  0/0    19:17   1:08   5:42 
Wayne Simmonds           0  0  0  -1  0   0  1  0  0  1  1/1    17:23   1:01   0:00 

3 Stars

1 - Tyler Bozak (Ana)
2 - Patrick Kane (Ana)
3 - Dennis Wideman (Ana)

Power Play

Ducks - 2 on 7 Attempt(s) - 28.57%
Jets - 2 on 4 Attempt(s) - 50.00%

Penalty Kill

Ducks - 2 on 4 Attempt(s) - 50.00% - Score 0 goal in Penalty Kill
Jets - 5 on 7 Attempt(s) - 71.43% - Score 0 goal in Penalty Kill

Official

Referees : Unknown
Linesman : Unknown

Game Notes

2:18 of 1st period - Penalty Shot by TJ Galiardi for Ducks - Goal!

Finance

Level 1 -- Attendance: 5164 (86.07%) -- Ticket Income $449,268
Level 2 -- Attendance: 3511 (70.22%) -- Ticket Income $207,149
Level 3 -- Attendance: 1587 (79.35%) -- Ticket Income $55,545
Level 4 -- Attendance: 3061 (76.53%) -- Ticket Income $61,220
Luxury Box -- Attendance: 986 (98.60%) -- Ticket Income $165,648
Game was played at the MTS Center
Total Attendance: 14309 (79.49%)
Total Ticket Income: $938,830
Other Income: $460,027
Total Income: $1,398,857

Ducks

5 vs 5 Forward 
   Center                   Left Wing                Right Wing               Time % Phy DF OF 
 1 Mike Richards            Martin St. Louis         James Neal               35     1   2  2  
 2 Tyler Bozak              Sean Bergenheim          Patrick Kane             30     1   2  2  
 3 Jonathan Huberdeau       TJ Galiardi              James Sheppard           22     1   2  2  
 4 Tom Pyatt                Matt Frattin             Joey Crabb               13     1   2  2  

5 vs 5 Defense 
   Defense                  Defense                                           Time % Phy DF OF 
 1 Matthew Carle            Dennis Wideman                                    35     1   2  2  
 2 Marc Staal               Anton Stralman                                    30     1   2  2  
 3 Brett Bellemore          Alex Grant                                        22     1   2  2  
 4 Matthew Carle            Dennis Wideman                                    13     1   2  2  

PowerPlay Forward 
   Center                   Left Wing                Right Wing               Time % Phy DF OF 
 1 Mike Richards            Martin St. Louis         James Neal               60     1   2  2  
 2 Tyler Bozak              Sean Bergenheim          Patrick Kane             40     1   2  2  

PowerPlay Defense
   Defense                  Defense                                           Time % Phy DF OF 
 1 Matthew Carle            Dennis Wideman                                    60     1   2  2  
 2 Marc Staal               Anton Stralman                                    40     1   2  2  

Penalty Kill 4 Players Forward 
   Center                   Wing                     Time % Phy DF OF 
 1 Martin St. Louis         Mike Richards            60     1   2  2  
 2 James Neal               Patrick Kane             40     1   2  2  

Penalty Kill 4 Players Defense
   Defense                  Defense                  Time % Phy DF OF 
 1 Matthew Carle            Dennis Wideman           60     1   2  2  
 2 Marc Staal               Anton Stralman           40     1   2  2  

Penalty Kill - 3 Players Forward 
   Forward                                           Time % Phy DF OF 
 1 Martin St. Louis                                  60     1   2  2  
 2 Mike Richards                                     40     1   2  2  

Penalty Kill - 3 Players Defense
   Defense                  Defense                  Time % Phy DF OF 
 1 Matthew Carle            Dennis Wideman           60     1   2  2  
 2 Marc Staal               Anton Stralman           40     1   2  2  

4 vs 4 Forward 
   Center                   Wing                     Time % Phy DF OF 
 1 Martin St. Louis         Mike Richards            60     1   2  2  
 2 James Neal               Patrick Kane             40     1   2  2  

4 vs 4 Defense
   Defense                  Defense                  Time % Phy DF OF 
 1 Matthew Carle            Dennis Wideman           60     1   2  2  
 2 Marc Staal               Anton Stralman           40     1   2  2  

Last Minutes Offensive
   Center                   Left Wing                Right Wing               Defense                  Defense                  
   Mike Richards            Martin St. Louis         James Neal               Matthew Carle            Dennis Wideman           

Last Minutes Defensive
   Center                   Left Wing                Right Wing               Defense                  Defense                  
   Mike Richards            Martin St. Louis         James Neal               Matthew Carle            Dennis Wideman           

Goaltenders
Starting : Martin Brodeur           
Backup : Jonathan Bernier         

Extra Forwards
Normal : Jonathan Huberdeau, TJ Galiardi, James Sheppard - PP : Jonathan Huberdeau, TJ Galiardi - PK : James Sheppard
Extra Defensemen
Normal : Brett Bellemore, Matthew Carle, Marc Staal - PP : Brett Bellemore - PK : Dennis Wideman, Marc Staal
Penalty Shots
Martin St. Louis, Mike Richards, James Neal, Patrick Kane, Tyler Bozak

Jets

5 vs 5 Forward 
   Center                   Left Wing                Right Wing               Time % Phy DF OF 
 1 Ryan Getzlaf             Alex Ovechkin            Teemu Selanne            35     1   2  2  
 2 Frans Nielsen            Max Pacioretty           Wayne Simmonds           30     1   2  2  
 3 John Tavares             Marcus Kruger            Ryan Getzlaf             22     1   2  2  
 4 Kyle Turris              Alex Killorn             Alex Ovechkin            13     1   2  2  

5 vs 5 Defense 
   Defense                  Defense                                           Time % Phy DF OF 
 1 Oliver Ekman-Larsson     Erik Johnson                                      35     1   2  2  
 2 Tyler Myers              Kris Russell                                      30     1   2  2  
 3 Danny DeKeyser           Oscar Klefbom                                     22     1   2  2  
 4 Oliver Ekman-Larsson     Erik Johnson                                      13     1   2  2  

PowerPlay Forward 
   Center                   Left Wing                Right Wing               Time % Phy DF OF 
 1 Ryan Getzlaf             Alex Ovechkin            Teemu Selanne            60     1   2  2  
 2 Frans Nielsen            Max Pacioretty           Wayne Simmonds           40     1   2  2  

PowerPlay Defense
   Defense                  Defense                                           Time % Phy DF OF 
 1 Oliver Ekman-Larsson     Erik Johnson                                      60     1   2  2  
 2 Tyler Myers              Kris Russell                                      40     1   2  2  

Penalty Kill 4 Players Forward 
   Center                   Wing                     Time % Phy DF OF 
 1 Ryan Getzlaf             Alex Ovechkin            60     1   2  2  
 2 Frans Nielsen            Max Pacioretty           40     1   2  2  

Penalty Kill 4 Players Defense
   Defense                  Defense                  Time % Phy DF OF 
 1 Oliver Ekman-Larsson     Erik Johnson             60     1   2  2  
 2 Tyler Myers              Kris Russell             40     1   2  2  

Penalty Kill - 3 Players Forward 
   Forward                                           Time % Phy DF OF 
 1 Ryan Getzlaf                                      60     1   2  2  
 2 Alex Ovechkin                                     40     1   2  2  

Penalty Kill - 3 Players Defense
   Defense                  Defense                  Time % Phy DF OF 
 1 Oliver Ekman-Larsson     Erik Johnson             60     1   2  2  
 2 Tyler Myers              Kris Russell             40     1   2  2  

4 vs 4 Forward 
   Center                   Wing                     Time % Phy DF OF 
 1 Ryan Getzlaf             Alex Ovechkin            60     1   2  2  
 2 Frans Nielsen            Max Pacioretty           40     1   2  2  

4 vs 4 Defense
   Defense                  Defense                  Time % Phy DF OF 
 1 Oliver Ekman-Larsson     Erik Johnson             60     1   2  2  
 2 Tyler Myers              Kris Russell             40     1   2  2  

Last Minutes Offensive
   Center                   Left Wing                Right Wing               Defense                  Defense                  
   Ryan Getzlaf             Alex Ovechkin            Teemu Selanne            Oliver Ekman-Larsson     Erik Johnson             

Last Minutes Defensive
   Center                   Left Wing                Right Wing               Defense                  Defense                  
   Ryan Getzlaf             Alex Ovechkin            Teemu Selanne            Oliver Ekman-Larsson     Erik Johnson             

Goaltenders
Starting : Sergei Bobrovsky         
Backup : Tim Thomas               

Extra Forwards
Normal : John Tavares, Kyle Turris, Marcus Kruger - PP : John Tavares, Kyle Turris - PK : Marcus Kruger
Extra Defensemen
Normal : Danny DeKeyser, Oscar Klefbom, Tyler Myers - PP : Danny DeKeyser - PK : Oscar Klefbom, Tyler Myers
Penalty Shots
Ryan Getzlaf, Alex Ovechkin, Frans Nielsen, Max Pacioretty, John Tavares

% Time on Ice - Ducks

Lines # - Real PCT - Wanted PCT - Time Play
Normal Forward
1 - 30% - 35% - 13:38
2 - 25% - 30% - 11:28
3 - 27% - 22% - 12:21
4 - 18% - 13% - 8:24
Normal Defense
1 - 32% - 35% - 14:35
2 - 30% - 30% - 13:56
3 - 33% - 22% - 15:09
4 - 5% - 13% - 2:11
PP Forward
1 - 53% - 60% - 6:04
2 - 47% - 40% - 5:26
PP Defense
1 - 60% - 60% - 6:51
2 - 40% - 40% - 4:39
PK Forward
1 - 100% - 60% - 2:39
2 - 0% - 40% - 0:00
PK Defense
1 - 74% - 60% - 1:58
2 - 26% - 40% - 0:41
PK3 Forward
1 - 0% - 60%
2 - 0% - 40%
PK3 Defense
1 - 0% - 60%
2 - 0% - 40%
44 Forward
1 - 0% - 60%
2 - 0% - 40%
44 Defense
1 - 0% - 60%
2 - 0% - 40%
Last Minute Offensive  - 0:00
Last Minute Defensive  - 0:00
Total
Forward - 60:00
Defense - 60:00

% Time on Ice - Jets

Lines # - Real PCT - Wanted PCT - Time Play
Normal Forward
1 - 14% - 35% - 6:12
2 - 37% - 30% - 16:48
3 - 30% - 22% - 13:38
4 - 20% - 13% - 9:13
Normal Defense
1 - 33% - 35% - 15:07
2 - 27% - 30% - 12:27
3 - 32% - 22% - 14:43
4 - 8% - 13% - 3:34
PP Forward
1 - 62% - 60% - 1:38
2 - 38% - 40% - 1:01
PP Defense
1 - 57% - 60% - 1:31
2 - 43% - 40% - 1:08
PK Forward
1 - 73% - 60% - 8:22
2 - 27% - 40% - 3:08
PK Defense
1 - 50% - 60% - 5:48
2 - 50% - 40% - 5:42
PK3 Forward
1 - 0% - 60%
2 - 0% - 40%
PK3 Defense
1 - 0% - 60%
2 - 0% - 40%
44 Forward
1 - 0% - 60%
2 - 0% - 40%
44 Defense
1 - 0% - 60%
2 - 0% - 40%
Last Minute Offensive  - 0:00
Last Minute Defensive  - 0:00
Total
Forward - 60:00
Defense - 60:00

Play by Play

1st period


0:01 of 1st period - Mike Richards wins face-off versus Ryan Getzlaf in neutral zone.
0:44 of 1st period - Minor Penalty to Mike Richards for Cross-checking.
0:45 of 1st period - Martin St. Louis wins face-off versus Frans Nielsen in Ducks zone.
1:02 of 1st period - Wrist shot by Max Pacioretty.
1:02 of 1st period - Goal by Max Pacioretty - Ducks : 0 - Jets : 1.
1:03 of 1st period - Tyler Bozak wins face-off versus Frans Nielsen in neutral zone.
1:20 of 1st period - Snap shot by Patrick Kane.
1:20 of 1st period - Stopped by Sergei Bobrovsky with a rebound.
1:40 of 1st period - Snap shot by Patrick Kane.
1:40 of 1st period - Deflect By Tyler Bozak.
1:40 of 1st period - Shot Hit the Post.
1:40 of 1st period - Puck is out of play.
1:41 of 1st period - John Tavares wins face-off versus Jonathan Huberdeau in Jets zone.
1:41 of 1st period - John Tavares is hit by Jonathan Huberdeau.
2:18 of 1st period - Penalty Shot by TJ Galiardi for Ducks.
2:18 of 1st period - Wrist shot by TJ Galiardi.
2:18 of 1st period - Goal by TJ Galiardi - Ducks : 1 - Jets : 1.
2:19 of 1st period - Tom Pyatt wins face-off versus Alex Killorn in neutral zone.
2:20 of 1st period - Kyle Turris wins face-off versus Tom Pyatt in Ducks zone.
2:30 of 1st period - Wrist shot by Alex Ovechkin.
2:30 of 1st period - Stopped by Martin Brodeur with a rebound.
2:39 of 1st period - Minor Penalty to Alex Killorn for High sticking.
2:40 of 1st period - Ryan Getzlaf wins face-off versus Mike Richards in Jets zone.
2:58 of 1st period - Snap shot by James Neal.
2:58 of 1st period - Stopped by Sergei Bobrovsky without a rebound.
2:59 of 1st period - Mike Richards wins face-off versus Ryan Getzlaf in Jets zone.
3:38 of 1st period - Dennis Wideman is hit by Max Pacioretty.
3:58 of 1st period - Slapshot by Tyler Bozak.
3:58 of 1st period - Goal by Tyler Bozak - Ducks : 2 - Jets : 1.
3:59 of 1st period - Tyler Bozak wins face-off versus Frans Nielsen in neutral zone.
4:13 of 1st period - Off-side.
4:14 of 1st period - Frans Nielsen wins face-off versus Tyler Bozak in neutral zone.
4:52 of 1st period - Icing by Marc Staal.
4:53 of 1st period - Tyler Bozak wins face-off versus Ryan Getzlaf in Ducks zone.
5:17 of 1st period - Ryan Getzlaf is hit by Marc Staal and loses puck.
5:42 of 1st period - Snap shot by Ryan Getzlaf.
5:42 of 1st period - Shot Misses the Net.
5:44 of 1st period - Slapshot by Erik Johnson.
5:44 of 1st period - Shot Blocked by Matthew Carle.
5:46 of 1st period - Wrist shot by Danny DeKeyser.
5:46 of 1st period - Shot Hit the Post.
5:48 of 1st period - Snap shot by Ryan Getzlaf.
5:48 of 1st period - Shot Blocked by Dennis Wideman.
5:50 of 1st period - Slapshot by Oscar Klefbom.
5:50 of 1st period - Stopped by Martin Brodeur without a rebound.
5:51 of 1st period - John Tavares wins face-off versus Jonathan Huberdeau in Ducks zone.
6:43 of 1st period - Slapshot by Matt Frattin.
6:43 of 1st period - Shot Misses the Net.
6:45 of 1st period - Wrist shot by Dennis Wideman.
6:45 of 1st period - Deflect By Tom Pyatt.
6:45 of 1st period - Shot Misses the Net.
6:45 of 1st period - Puck is out of play.
6:46 of 1st period - Kyle Turris wins face-off versus Tom Pyatt in Jets zone.
6:55 of 1st period - Joey Crabb is hit by Alex Ovechkin and loses puck.
7:25 of 1st period - Minor Penalty to Erik Johnson for Roughing.
7:26 of 1st period - Mike Richards wins face-off versus Ryan Getzlaf in Jets zone.
7:29 of 1st period - Wrist shot by James Neal.
7:29 of 1st period - Stopped by Sergei Bobrovsky with a rebound.
7:45 of 1st period - Snap shot by Martin St. Louis.
7:45 of 1st period - Shot Misses the Net.
7:57 of 1st period - Kris Russell is hit by Anton Stralman and loses puck.
8:42 of 1st period - Wrist shot by Tyler Bozak.
8:42 of 1st period - Stopped by Sergei Bobrovsky with a rebound.
8:44 of 1st period - Backhand shot by Sean Bergenheim.
8:44 of 1st period - Stopped by Sergei Bobrovsky without a rebound.
8:45 of 1st period - Tyler Bozak wins face-off versus Ryan Getzlaf in Jets zone.
9:25 of 1st period - Penalty to Erik Johnson is over, Erik Johnson is back on ice.
9:41 of 1st period - Wrist shot by Wayne Simmonds.
9:41 of 1st period - Shot Misses the Net.
9:51 of 1st period - Slapshot by Frans Nielsen.
9:51 of 1st period - Stopped by Martin Brodeur without a rebound.
9:52 of 1st period - Jonathan Huberdeau wins face-off versus Frans Nielsen in Ducks zone.
10:25 of 1st period - Snap shot by Ryan Getzlaf.
10:25 of 1st period - Shot Misses the Net.
10:31 of 1st period - Wrist shot by John Tavares.
10:31 of 1st period - Shot Misses the Net.
11:38 of 1st period - Marcus Kruger is hit by Sean Bergenheim and loses puck.
11:47 of 1st period - Danny DeKeyser is hit by Sean Bergenheim and loses puck.
14:55 of 1st period - Oscar Klefbom is hit by Joey Crabb and loses puck.
15:14 of 1st period - Wrist shot by Matt Frattin.
15:14 of 1st period - Shot Misses the Net.
15:48 of 1st period - Anton Stralman is hit by Max Pacioretty and loses puck.
16:20 of 1st period - Anton Stralman is hit by Marcus Kruger.
16:32 of 1st period - Kris Russell is hit by Joey Crabb.
16:36 of 1st period - Slapshot by Alex Ovechkin.
16:36 of 1st period - Shot Misses the Net.
17:02 of 1st period - Tyler Myers is hit by Sean Bergenheim and loses puck.
17:09 of 1st period - Slapshot by Patrick Kane.
17:09 of 1st period - Shot Misses the Net.
17:29 of 1st period - Slapshot by TJ Galiardi.
17:29 of 1st period - Stopped by Sergei Bobrovsky without a rebound.
17:30 of 1st period - Jonathan Huberdeau wins face-off versus Kyle Turris in Jets zone.
17:43 of 1st period - Wrist shot by James Neal.
17:43 of 1st period - Stopped by Sergei Bobrovsky with a rebound.
17:45 of 1st period - Slapshot by Matthew Carle.
17:45 of 1st period - Stopped by Sergei Bobrovsky without a rebound.
17:46 of 1st period - Mike Richards wins face-off versus Frans Nielsen in Jets zone.
17:52 of 1st period - Wrist shot by Mike Richards.
17:52 of 1st period - Shot Misses the Net.
17:54 of 1st period - Slapshot by Matthew Carle.
17:54 of 1st period - Stopped by Sergei Bobrovsky with a rebound.
18:18 of 1st period - Wrist shot by Matt Frattin.
18:18 of 1st period - Deflect By Joey Crabb.
18:18 of 1st period - Shot Misses the Net.
18:18 of 1st period - Puck is out of play.
18:19 of 1st period - Ryan Getzlaf wins face-off versus Tom Pyatt in Jets zone.
18:26 of 1st period - Snap shot by Oliver Ekman-Larsson.
18:26 of 1st period - Deflect By Alex Ovechkin.
18:26 of 1st period - Stopped by Martin Brodeur without a rebound.
18:27 of 1st period - Ryan Getzlaf wins face-off versus Tyler Bozak in Ducks zone.
18:42 of 1st period - Slapshot by Patrick Kane.
18:42 of 1st period - Shot Blocked by Oliver Ekman-Larsson.
18:44 of 1st period - Slapshot by Tyler Bozak.
18:44 of 1st period - Stopped by Sergei Bobrovsky with a rebound.
18:46 of 1st period - Wrist shot by Patrick Kane.
18:46 of 1st period - Deflect By Oliver Ekman-Larsson.
18:46 of 1st period - Stopped by Sergei Bobrovsky without a rebound.
18:47 of 1st period - Frans Nielsen wins face-off versus Tyler Bozak in Jets zone.
19:01 of 1st period - Wrist shot by Patrick Kane.
19:01 of 1st period - Shot Misses the Net.
19:03 of 1st period - Snap shot by Dennis Wideman.
19:03 of 1st period - Shot Misses the Net.
19:05 of 1st period - Snap shot by Tyler Bozak.
19:05 of 1st period - Goal by Tyler Bozak - Ducks : 3 - Jets : 1.
19:06 of 1st period - Mike Richards wins face-off versus John Tavares in neutral zone.
19:11 of 1st period - Wrist shot by James Neal.
19:11 of 1st period - Shot Blocked by Oliver Ekman-Larsson.
19:25 of 1st period - Martin St. Louis is hit by Marcus Kruger and loses puck.
19:59 of 1st period - Frans Nielsen is hit by Patrick Kane and loses puck.
Goals for this period are 3 for Ducks vs 1 for Jets.
Shots for this period are 13 for Ducks vs 5 for Jets.

2nd period


0:01 of 2nd period - Mike Richards wins face-off versus Ryan Getzlaf in neutral zone.
0:08 of 2nd period - Snap shot by Martin St. Louis.
0:08 of 2nd period - Stopped by Sergei Bobrovsky with a rebound.
0:10 of 2nd period - Wrist shot by Matthew Carle.
0:10 of 2nd period - Stopped by Sergei Bobrovsky with a rebound.
0:29 of 2nd period - Slapshot by James Neal.
0:29 of 2nd period - Shot Blocked by Oliver Ekman-Larsson.
0:31 of 2nd period - Snap shot by Mike Richards.
0:31 of 2nd period - Stopped by Sergei Bobrovsky without a rebound.
0:32 of 2nd period - Frans Nielsen wins face-off versus Tyler Bozak in Jets zone.
0:48 of 2nd period - Slapshot by Marc Staal.
0:48 of 2nd period - Shot Misses the Net.
0:50 of 2nd period - Snap shot by Anton Stralman.
0:50 of 2nd period - Shot Blocked by Frans Nielsen.
0:52 of 2nd period - Snap shot by Sean Bergenheim.
0:52 of 2nd period - Shot Blocked by Kris Russell.
0:54 of 2nd period - Snap shot by Patrick Kane.
0:54 of 2nd period - Shot Blocked by Tyler Myers.
0:56 of 2nd period - Snap shot by Anton Stralman.
0:56 of 2nd period - Shot Misses the Net.
1:33 of 2nd period - Icing by Marcus Kruger.
1:34 of 2nd period - James Sheppard wins face-off versus John Tavares in Jets zone.
1:55 of 2nd period - Slapshot by John Tavares.
1:55 of 2nd period - Shot Misses the Net.
1:57 of 2nd period - Snap shot by Ryan Getzlaf.
1:57 of 2nd period - Deflect By TJ Galiardi.
1:57 of 2nd period - Shot Misses the Net.
1:57 of 2nd period - Puck is out of play.
1:58 of 2nd period - Kyle Turris wins face-off versus Mike Richards in Ducks zone.
2:07 of 2nd period - Slapshot by Alex Ovechkin.
2:07 of 2nd period - Deflect By Alex Killorn.
2:07 of 2nd period - Shot Hit the Post.
2:07 of 2nd period - Puck is out of play.
2:08 of 2nd period - Mike Richards wins face-off versus Kyle Turris in Ducks zone.
2:27 of 2nd period - Wrist shot by Kyle Turris.
2:27 of 2nd period - Stopped by Martin Brodeur with a rebound.
2:33 of 2nd period - Snap shot by Alex Ovechkin.
2:33 of 2nd period - Deflect By Alex Killorn.
2:33 of 2nd period - Shot Misses the Net.
2:33 of 2nd period - Puck is out of play.
2:34 of 2nd period - Frans Nielsen wins face-off versus Tyler Bozak in Ducks zone.
2:45 of 2nd period - Wrist shot by Wayne Simmonds.
2:45 of 2nd period - Shot Misses the Net.
3:41 of 2nd period - Tyler Myers is hit by James Sheppard.
3:44 of 2nd period - Off-side.
3:45 of 2nd period - John Tavares wins face-off versus James Neal in neutral zone.
3:58 of 2nd period - John Tavares is hit by Marc Staal and loses puck.
4:15 of 2nd period - Wrist shot by James Neal.
4:15 of 2nd period - Shot Blocked by Danny DeKeyser.
4:17 of 2nd period - Slapshot by Marc Staal.
4:17 of 2nd period - Stopped by Sergei Bobrovsky with a rebound.
4:19 of 2nd period - Slapshot by Anton Stralman.
4:19 of 2nd period - Stopped by Sergei Bobrovsky with a rebound.
4:21 of 2nd period - Slapshot by Marc Staal.
4:21 of 2nd period - Stopped by Sergei Bobrovsky with a rebound.
4:23 of 2nd period - Slapshot by Anton Stralman.
4:23 of 2nd period - Stopped by Sergei Bobrovsky with a rebound.
4:29 of 2nd period - Minor Penalty to John Tavares for Roughing.
4:30 of 2nd period - Alex Ovechkin wins face-off versus Tyler Bozak in Jets zone.
4:43 of 2nd period - Snap shot by Tyler Bozak.
4:43 of 2nd period - Shot Blocked by Oliver Ekman-Larsson.
4:45 of 2nd period - Slapshot by Dennis Wideman.
4:45 of 2nd period - Deflect By Patrick Kane.
4:45 of 2nd period - Goal by Patrick Kane - Ducks : 4 - Jets : 1.
4:46 of 2nd period - Mike Richards wins face-off versus Frans Nielsen in neutral zone.
5:01 of 2nd period - Snap shot by James Neal.
5:01 of 2nd period - Stopped by Sergei Bobrovsky with a rebound.
5:03 of 2nd period - Slapshot by Matthew Carle.
5:03 of 2nd period - Deflect By James Neal.
5:03 of 2nd period - Stopped by Sergei Bobrovsky with a rebound.
5:05 of 2nd period - Snap shot by Dennis Wideman.
5:05 of 2nd period - Stopped by Sergei Bobrovsky with a rebound.
5:07 of 2nd period - Slapshot by James Neal.
5:07 of 2nd period - Stopped by Sergei Bobrovsky with a rebound.
5:09 of 2nd period - Slapshot by Mike Richards.
5:09 of 2nd period - Stopped by Sergei Bobrovsky with a rebound.
5:11 of 2nd period - Slapshot by Dennis Wideman.
5:11 of 2nd period - Stopped by Sergei Bobrovsky without a rebound.
5:12 of 2nd period - Tyler Bozak wins face-off versus Kyle Turris in Jets zone.
6:28 of 2nd period - Oliver Ekman-Larsson is hit by James Sheppard.
7:26 of 2nd period - Minor Penalty to Ryan Getzlaf for Hooking.
7:27 of 2nd period - Tyler Bozak wins face-off versus Marcus Kruger in Jets zone.
7:35 of 2nd period - Wrist shot by Patrick Kane.
7:35 of 2nd period - Stopped by Sergei Bobrovsky without a rebound.
7:36 of 2nd period - Marcus Kruger wins face-off versus Tyler Bozak in Jets zone.
7:51 of 2nd period - Snap shot by Patrick Kane.
7:51 of 2nd period - Shot Blocked by Oliver Ekman-Larsson.
8:38 of 2nd period - Nick Bjugstad is hit by James Neal and loses puck.
8:49 of 2nd period - Marcus Kruger is hit by James Neal and loses puck.
9:08 of 2nd period - Snap shot by Patrick Kane.
9:08 of 2nd period - Shot Blocked by Tyler Myers.
9:26 of 2nd period - Penalty to Ryan Getzlaf is over, Ryan Getzlaf is back on ice.
9:59 of 2nd period - Snap shot by Jonathan Huberdeau.
9:59 of 2nd period - Stopped by Sergei Bobrovsky with a rebound.
10:02 of 2nd period - Icing by Frans Nielsen.
10:03 of 2nd period - Jonathan Huberdeau wins face-off versus Frans Nielsen in Jets zone.
10:04 of 2nd period - Wrist shot by TJ Galiardi.
10:04 of 2nd period - Shot Misses the Net.
11:05 of 2nd period - Snap shot by Alex Ovechkin.
11:05 of 2nd period - Shot Misses the Net.
11:19 of 2nd period - Snap shot by Tom Pyatt.
11:19 of 2nd period - Stopped by Sergei Bobrovsky without a rebound.
11:20 of 2nd period - Frans Nielsen wins face-off versus Tyler Bozak in Jets zone.
12:37 of 2nd period - Snap shot by Martin St. Louis.
12:37 of 2nd period - Shot Misses the Net.
12:39 of 2nd period - Slapshot by Marc Staal.
12:39 of 2nd period - Shot Misses the Net.
12:57 of 2nd period - Slapshot by Tom Pyatt.
12:57 of 2nd period - Stopped by Sergei Bobrovsky without a rebound.
12:58 of 2nd period - John Tavares wins face-off versus Joey Crabb in Jets zone.
14:01 of 2nd period - Minor Penalty to Jonathan Huberdeau for Roughing.
14:02 of 2nd period - Martin St. Louis wins face-off versus Alex Ovechkin in Ducks zone.
14:21 of 2nd period - Snap shot by Alex Ovechkin.
14:21 of 2nd period - Stopped by Martin Brodeur with a rebound.
14:23 of 2nd period - Slapshot by Tyler Myers.
14:23 of 2nd period - Deflect By Martin St. Louis.
14:23 of 2nd period - Goal by Tyler Myers - Ducks : 4 - Jets : 2.
14:24 of 2nd period - John Tavares wins face-off versus Mike Richards in neutral zone.
14:29 of 2nd period - Wrist shot by Ryan Getzlaf.
14:29 of 2nd period - Deflect By John Tavares.
14:29 of 2nd period - Shot Blocked by James Neal.
14:29 of 2nd period - Puck is out of play.
14:30 of 2nd period - Mike Richards wins face-off versus John Tavares in Ducks zone.
14:30 of 2nd period - Mike Richards is hit by John Tavares.
15:14 of 2nd period - Minor Penalty to John Tavares for Holding.
15:15 of 2nd period - Ryan Getzlaf wins face-off versus Tyler Bozak in Jets zone.
15:44 of 2nd period - Snap shot by Sean Bergenheim.
15:44 of 2nd period - Shot Misses the Net.
16:17 of 2nd period - Frans Nielsen is hit by Mike Richards and loses puck.
17:14 of 2nd period - Penalty to John Tavares is over, John Tavares is back on ice.
17:20 of 2nd period - Erik Johnson is hit by Sean Bergenheim and loses puck.
17:49 of 2nd period - Snap shot by Max Pacioretty.
17:49 of 2nd period - Shot Misses the Net.
18:44 of 2nd period - Snap shot by Tom Pyatt.
18:44 of 2nd period - Shot Blocked by Danny DeKeyser.
19:36 of 2nd period - Minor Penalty to Martin St. Louis for High sticking.
19:37 of 2nd period - Ryan Getzlaf wins face-off versus James Sheppard in Ducks zone.
Goals for this period are 1 for Ducks vs 1 for Jets.
Shots for this period are 18 for Ducks vs 3 for Jets.

3rd period


0:01 of 3rd period - Ryan Getzlaf wins face-off versus James Sheppard in neutral zone.
1:10 of 3rd period - Slapshot by Wayne Simmonds.
1:10 of 3rd period - Shot Misses the Net.
1:36 of 3rd period - Penalty to Martin St. Louis is over, Martin St. Louis is back on ice.
2:02 of 3rd period - Snap shot by Alex Ovechkin.
2:02 of 3rd period - Stopped by Martin Brodeur with a rebound.
2:04 of 3rd period - Slapshot by Danny DeKeyser.
2:04 of 3rd period - Deflect By Alex Ovechkin.
2:04 of 3rd period - Shot Misses the Net.
2:04 of 3rd period - Puck is out of play.
2:05 of 3rd period - Tom Pyatt wins face-off versus Kyle Turris in Ducks zone.
2:16 of 3rd period - Snap shot by Tom Pyatt.
2:16 of 3rd period - Deflect By Tyler Myers.
2:16 of 3rd period - Shot Misses the Net.
2:16 of 3rd period - Puck is out of play.
2:17 of 3rd period - Tom Pyatt wins face-off versus Frans Nielsen in Jets zone.
2:30 of 3rd period - Wrist shot by Matt Frattin.
2:30 of 3rd period - Shot Misses the Net.
2:32 of 3rd period - Slapshot by Marc Staal.
2:32 of 3rd period - Stopped by Sergei Bobrovsky with a rebound.
2:34 of 3rd period - Slapshot by Anton Stralman.
2:34 of 3rd period - Stopped by Sergei Bobrovsky with a rebound.
2:36 of 3rd period - Snap shot by Anton Stralman.
2:36 of 3rd period - Stopped by Sergei Bobrovsky with a rebound.
2:48 of 3rd period - Snap shot by Matt Frattin.
2:48 of 3rd period - Stopped by Sergei Bobrovsky with a rebound.
2:50 of 3rd period - Slapshot by Marc Staal.
2:50 of 3rd period - Shot Misses the Net.
3:00 of 3rd period - Marc Staal is hit by Wayne Simmonds and loses puck.
3:11 of 3rd period - Tyler Myers is hit by Marc Staal and loses puck.
3:20 of 3rd period - Slapshot by Kris Russell.
3:20 of 3rd period - Shot Misses the Net.
3:22 of 3rd period - Snap shot by Marcus Kruger.
3:22 of 3rd period - Shot Misses the Net.
3:24 of 3rd period - Wrist shot by Ryan Getzlaf.
3:24 of 3rd period - Shot Misses the Net.
3:26 of 3rd period - Snap shot by Oliver Ekman-Larsson.
3:26 of 3rd period - Shot Blocked by Sean Bergenheim.
3:28 of 3rd period - Slapshot by Erik Johnson.
3:28 of 3rd period - Deflect By John Tavares.
3:28 of 3rd period - Shot Misses the Net.
3:28 of 3rd period - Puck is out of play.
3:29 of 3rd period - Mike Richards wins face-off versus Ryan Getzlaf in Ducks zone.
4:32 of 3rd period - Snap shot by John Tavares.
4:32 of 3rd period - Shot Misses the Net.
4:34 of 3rd period - Backhand shot by Marcus Kruger.
4:34 of 3rd period - Stopped by Martin Brodeur with a rebound.
4:36 of 3rd period - Snap shot by Marcus Kruger.
4:36 of 3rd period - Stopped by Martin Brodeur without a rebound.
4:37 of 3rd period - John Tavares wins face-off versus Jonathan Huberdeau in Ducks zone.
5:39 of 3rd period - Snap shot by Tyler Bozak.
5:39 of 3rd period - Shot Blocked by Tyler Myers.
5:43 of 3rd period - Snap shot by Patrick Kane.
5:43 of 3rd period - Shot Misses the Net.
5:45 of 3rd period - Snap shot by Marc Staal.
5:45 of 3rd period - Shot Blocked by Tyler Myers.
6:31 of 3rd period - Kyle Turris is hit by Matt Frattin and loses puck.
6:52 of 3rd period - Marcus Kruger is hit by Matt Frattin and loses puck.
7:07 of 3rd period - Snap shot by James Neal.
7:07 of 3rd period - Shot Blocked by Oliver Ekman-Larsson.
7:27 of 3rd period - Icing by Ryan Getzlaf.
7:28 of 3rd period - Tyler Bozak wins face-off versus John Tavares in Jets zone.
8:18 of 3rd period - Icing by Erik Johnson.
8:19 of 3rd period - John Tavares wins face-off versus Jonathan Huberdeau in Jets zone.
8:56 of 3rd period - Wrist shot by Alex Killorn.
8:56 of 3rd period - Stopped by Martin Brodeur without a rebound.
8:57 of 3rd period - Wayne Simmonds wins face-off versus Mike Richards in Ducks zone.
9:02 of 3rd period - Wrist shot by Max Pacioretty.
9:02 of 3rd period - Shot Misses the Net.
9:14 of 3rd period - Slapshot by James Neal.
9:14 of 3rd period - Stopped by Sergei Bobrovsky without a rebound.
9:15 of 3rd period - Mike Richards wins face-off versus Frans Nielsen in Jets zone.
9:34 of 3rd period - Snap shot by Martin St. Louis.
9:34 of 3rd period - Stopped by Sergei Bobrovsky with a rebound.
9:36 of 3rd period - Snap shot by Mike Richards.
9:36 of 3rd period - Shot Misses the Net.
11:24 of 3rd period - Slapshot by Jonathan Huberdeau.
11:24 of 3rd period - Shot Misses the Net.
11:26 of 3rd period - Slapshot by Marc Staal.
11:26 of 3rd period - Deflect By Kris Russell.
11:26 of 3rd period - Stopped by Sergei Bobrovsky with a rebound.
11:28 of 3rd period - Wrist shot by TJ Galiardi.
11:28 of 3rd period - Shot Blocked by Frans Nielsen.
11:30 of 3rd period - Wrist shot by Marc Staal.
11:30 of 3rd period - Shot Blocked by Tyler Myers.
11:32 of 3rd period - Slapshot by Marc Staal.
11:32 of 3rd period - Stopped by Sergei Bobrovsky with a rebound.
11:34 of 3rd period - Wrist shot by James Sheppard.
11:34 of 3rd period - Shot Misses the Net.
11:36 of 3rd period - Slapshot by Marc Staal.
11:36 of 3rd period - Shot Misses the Net.
11:38 of 3rd period - Slapshot by Marc Staal.
11:38 of 3rd period - Deflect By TJ Galiardi.
11:38 of 3rd period - Deflect By Kris Russell.
11:38 of 3rd period - Shot Blocked by Tyler Myers.
11:38 of 3rd period - Puck is out of play.
11:39 of 3rd period - John Tavares wins face-off versus Mike Richards in Jets zone.
11:49 of 3rd period - Icing by Matthew Carle.
11:50 of 3rd period - John Tavares wins face-off versus Mike Richards in Ducks zone.
11:51 of 3rd period - Snap shot by Ryan Getzlaf.
11:51 of 3rd period - Shot Misses the Net.
12:31 of 3rd period - Minor Penalty to Erik Johnson for Hooking.
12:32 of 3rd period - Ryan Getzlaf wins face-off versus Tyler Bozak in Jets zone.
12:51 of 3rd period - Slapshot by Patrick Kane.
12:51 of 3rd period - Stopped by Sergei Bobrovsky with a rebound.
12:53 of 3rd period - Wrist shot by Marc Staal.
12:53 of 3rd period - Shot Blocked by Oscar Klefbom.
12:55 of 3rd period - Wrist shot by Sean Bergenheim.
12:55 of 3rd period - Stopped by Sergei Bobrovsky with a rebound.
13:05 of 3rd period - Slapshot by Tyler Bozak.
13:05 of 3rd period - Shot Misses the Net.
13:32 of 3rd period - Kris Russell is hit by Anton Stralman.
14:31 of 3rd period - Penalty to Erik Johnson is over, Erik Johnson is back on ice.
15:27 of 3rd period - Minor Penalty to Alex Killorn for Holding.
15:28 of 3rd period - Ryan Getzlaf wins face-off versus Mike Richards in Jets zone.
15:28 of 3rd period - Ryan Getzlaf is hit by Marc Staal.
15:59 of 3rd period - Slapshot by Patrick Kane.
15:59 of 3rd period - Stopped by Sergei Bobrovsky with a rebound.
16:01 of 3rd period - Slapshot by Marc Staal.
16:01 of 3rd period - Shot Blocked by Ryan Getzlaf.
16:03 of 3rd period - Snap shot by Sean Bergenheim.
16:03 of 3rd period - Shot Blocked by Ryan Getzlaf.
16:27 of 3rd period - Tyler Myers is hit by Mike Richards and loses puck.
17:08 of 3rd period - Martin St. Louis is hit by Tyler Myers and loses puck.
17:15 of 3rd period - Wrist shot by James Neal.
17:15 of 3rd period - Shot Misses the Net.
17:17 of 3rd period - Snap shot by Mike Richards.
17:17 of 3rd period - Stopped by Sergei Bobrovsky with a rebound.
17:27 of 3rd period - Penalty to Alex Killorn is over, Alex Killorn is back on ice.
17:33 of 3rd period - Frans Nielsen is hit by Sean Bergenheim and loses puck.
17:56 of 3rd period - Snap shot by Jonathan Huberdeau.
17:56 of 3rd period - Shot Misses the Net.
18:04 of 3rd period - Wrist shot by Jonathan Huberdeau.
18:04 of 3rd period - Shot Blocked by Frans Nielsen.
18:06 of 3rd period - Snap shot by Jonathan Huberdeau.
18:06 of 3rd period - Shot Misses the Net.
18:08 of 3rd period - Snap shot by Alex Grant.
18:08 of 3rd period - Stopped by Sergei Bobrovsky without a rebound.
18:09 of 3rd period - Tom Pyatt wins face-off versus Kyle Turris in Jets zone.
18:16 of 3rd period - Matt Frattin is hit by Kyle Turris.
18:46 of 3rd period - Backhand shot by John Tavares.
18:46 of 3rd period - Stopped by Martin Brodeur with a rebound.
19:04 of 3rd period - Brett Bellemore is hit by Kyle Turris and loses puck.
19:21 of 3rd period - Danny DeKeyser is hit by Jonathan Huberdeau and loses puck.
19:50 of 3rd period - Oscar Klefbom is hit by Brett Bellemore and loses puck.
Goals for this period are 0 for Ducks vs 0 for Jets.
Shots for this period are 13 for Ducks vs 5 for Jets.


Output by the SimonT Hockey Simulator (STHS) for Eric Dolegowski -- Original Page W3C XHTML 1.0 Valid
Hockey Simulator - Hockey Simulation - Hockey Manager